 Dungeon Crawl Stone Soup version 0.29-a0-43-g62a80824bf (webtiles) character file.

Game seed: 14987354505701843726

503 belegose the Cudgeller (level 7, 0/60 HPs)
             Began as a Gnoll Cinder Acolyte on Feb 2, 2022.
             Was a High Priest of Ignis.
             Slain by a gnoll (8 damage)
             ... on level 5 of the Dungeon.
             The game lasted 00:11:02 (5256 turns).

belegose the Cudgeller (Gnoll Cinder Acolyte)       Turns: 5256, Time: 00:11:02

Health: 0/60       AC:  5    Str: 13    XL:     7   Next: 17%
Magic:  12/12      EV: 11    Int: 13    God:    Ignis [*****.]
Gold:   217        SH:  0    Dex: 10    Spells: 11/13 levels left

rFire   + . .      SeeInvis +   v - +0 whip (venom)
rCold   . . .      Faith    .   (no shield)
rNeg    . . .      Spirit   .   h - +1 leather armour {rPois}
rPois   +          Reflect  .   l - +0 helmet
rElec   .          Harm     .   (no cloak)
rCorr   .          Rampage  .   (no gloves)
Will    +....                   (no boots)
Stlth   ++........              (no amulet)
HPRegen 0.20/turn               f - ring of see invisible
MPRegen 0.13/turn               q - ring of willpower

@: no status effects
A: fangs 1, strong nose, distributed training
a: Renounce Religion, Fiery Armour, Foxfire Swarm, Rising Flame


You were on level 5 of the Dungeon.
You worshipped Ignis.
Ignis was extremely pleased with you.
You visited 2 branches of the dungeon, and saw 6 of its levels.

You collected 217 gold pieces.

Inventory:

Hand Weapons
 a - a -1 mace of flaming
 b - a +0 hunting sling
 r - a +4 dagger
 v - a +0 whip of venom (weapon)
Missiles
 c - 4 poisoned darts (quivered)
 d - 3 boomerangs
 e - 128 stones
 i - 4 atropa-tipped darts
 m - 15 bolts
 n - 2 throwing nets
 p - 4 datura-tipped darts
 u - 6 javelins
Armour
 h - a +1 leather armour of poison resistance (worn)
 j - a +2 robe of willpower
 l - a +0 helmet (worn)
Jewellery
 f - a ring of see invisible (left hand)
 q - a ring of willpower (right hand)
 t - a ring of wizardry
Wands
 x - a wand of flame (6)
Scrolls
 g - a scroll of enchant armour {unknown}
 k - a scroll of fog {unknown}
 s - a scroll of noise {unknown}
 w - a scroll of teleportation {unknown}
Potions
 o - a potion of heal wounds {unknown}


   Skills:
 + Level 7.0 Fighting
 + Level 2.3 Short Blades
 + Level 2.3 Long Blades
 + Level 2.3 Axes
 + Level 7.0 Maces & Flails
 + Level 2.3 Polearms
 + Level 2.3 Staves
 + Level 2.3 Slings
 + Level 2.3 Bows
 + Level 2.3 Crossbows
 + Level 2.3 Throwing
 + Level 2.3 Armour
 + Level 2.3 Dodging
 + Level 2.3 Stealth
 + Level 2.3 Shields
 + Level 2.3 Unarmed Combat
 + Level 3.7 Spellcasting
 + Level 1.9 Conjurations
 + Level 1.9 Hexes
 + Level 1.9 Summonings
 + Level 1.9 Necromancy
 + Level 1.9 Translocations
 + Level 1.9 Transmutations
 + Level 5.8 Fire Magic
 + Level 1.9 Ice Magic
 + Level 1.9 Air Magic
 + Level 1.9 Earth Magic
 + Level 1.9 Poison Magic
 + Level 2.5 Invocations
 + Level 2.3 Evocations


You had 11 spell levels left.
You knew the following spells:

 Your Spells              Type           Power      Damage    Failure   Level
a - Scorch                Fire           34%        2d6       3%          2

Your spell library contained the following spells:

 Spells                   Type           Power      Damage    Failure   Level


Dungeon Overview and Level Annotations

Branches:
Dungeon (5/15)             Temple (1/1) D:4

Altars:
Cheibriados
Elyvilon
Hepliaklqana
Kikubaaqudgha
Makhleb
Nemelex Xobeh
Okawaru
Qazlal
Sif Muna
Trog
Uskayaw
Vehumet
Xom
Yredelemnul
Zin

Annotations:
D:5 Menkaure


Innate Abilities, Weirdness & Mutations

You have very sharp teeth.
Your uncanny sense of smell can sniff out nearby items.
Your experience applies equally to all skills.


Message History

You climb upwards.
There is a stone staircase leading down here.
Unknown command.
There is a stone staircase leading down here.
You climb downwards.
You hear the hiss of flowing sand.
There is an entrance to an ossuary on this level.
Hurry and find it before the portal is buried!
Level annotation: Menkaure You hear the slow hiss of a very distant avalanche of sand.
There is a stone staircase leading up here.
The gnoll hits you with a +0 halberd!
You hit the gnoll.
The gnoll is poisoned.
The gnoll is heavily wounded.
The gnoll hits you with a +0 halberd!
You closely miss the gnoll.
The gnoll is heavily wounded.
The gnoll barely misses you.
You barely miss the gnoll. Your punch misses the gnoll.
The gnoll is heavily wounded.
The gnoll hits you but does no damage.
A gnoll comes into view. It is wielding a +3 halberd.
You kill the gnoll!
The gnoll shouts!
The gnoll closely misses you.
You see here a +0 halberd.
The gnoll hits you from afar with a +3 halberd!
* * * LOW HITPOINT WARNING * * *
A scorpion comes into view.
An orc comes into view.
It is wielding a +0 club and wearing an orb of guile.
There is a stone staircase leading down here.
The orc shouts!
You hear a shout!
You closely miss the orc.
An orc wizard comes into view. It is wielding a +0 dagger.
The orc hits you with a +0 club.
* * * LOW HITPOINT WARNING * * *
Unknown command.
You hit the orc.
The orc is poisoned.
You bite the orc.
The orc is moderately wounded.
The gnoll hits you from afar with a +3 halberd!
You die...

####.#............
#..<.M....#.....#
#.###.....##...## .
#.........#.....#..
######.....o.......
##..#.......#
#####.###.....##
##.....##.o###....
#.......###@# ##. #
#...#...# #.# ..####
#.......# #g# ...# #.#._.#.#
#>#### #.###
#.......###....### #....
#...#............## #....
#........######...######....
##.......# #.............
######### #...######..<.


You could see an orc wizard, a gnoll and an orc (very poisoned).

Vanquished Creatures
  A black bear (D:2)
  An ogre (D:3)
  A water moccasin zombie (D:5)
  A jelly (D:2)
  Jessica (D:1)
  10 gnolls
  3 adders
  2 adder skeletons (D:4)
  A worm (D:2)
  3 dart slugs
  7 orcs
  4 ball pythons
  4 endoplasms
  2 giant cockroaches
  4 goblins
  4 hobgoblins
  3 jackals (D:2)
  A quokka (D:2)
  9 bats
  A frilled lizard (D:1)
  13 kobolds
  4 rats
80 creatures vanquished.

Notes
Turn   | Place    | Note
-------+----------+-------------------------------------------
     0 | D:1      | belegose the Gnoll Cinder Acolyte began the quest for the
                  | Orb.
     0 | D:1      | Reached XP level 1. HP: 23/23 MP: 4/4
   239 | D:1      | Reached XP level 2. HP: 23/29 MP: 5/5
   938 | D:2      | Noticed Jessica
   942 | D:1      | Killed Jessica
   943 | D:1      | Reached skill level 1 in Invocations
   943 | D:1      | Reached XP level 3. HP: 30/35 MP: 7/7
   977 | D:2      | Noticed a black bear
  1035 | D:2      | Reached skill level 1 in Short Blades
  1035 | D:2      | Reached skill level 1 in Long Blades
  1035 | D:2      | Reached skill level 1 in Axes
  1035 | D:2      | Reached skill level 1 in Polearms
  1035 | D:2      | Reached skill level 1 in Staves
  1035 | D:2      | Reached skill level 1 in Slings
  1035 | D:2      | Reached skill level 1 in Bows
  1035 | D:2      | Reached skill level 1 in Crossbows
  1035 | D:2      | Reached skill level 1 in Throwing
  1035 | D:2      | Reached skill level 1 in Armour
  1035 | D:2      | Reached skill level 1 in Dodging
  1035 | D:2      | Reached skill level 1 in Stealth
  1035 | D:2      | Reached skill level 1 in Shields
  1035 | D:2      | Reached skill level 1 in Unarmed Combat
  1035 | D:2      | Reached skill level 1 in Evocations
  1035 | D:2      | Reached XP level 4. HP: 31/41 MP: 8/8
  1046 | D:2      | Killed a black bear
  1047 | D:2      | Reached skill level 1 in Conjurations
  1047 | D:2      | Reached skill level 1 in Hexes
  1047 | D:2      | Reached skill level 1 in Summonings
  1047 | D:2      | Reached skill level 1 in Necromancy
  1047 | D:2      | Reached skill level 1 in Translocations
  1047 | D:2      | Reached skill level 1 in Transmutations
  1047 | D:2      | Reached skill level 1 in Ice Magic
  1047 | D:2      | Reached skill level 1 in Air Magic
  1047 | D:2      | Reached skill level 1 in Earth Magic
  1047 | D:2      | Reached skill level 1 in Poison Magic
  1047 | D:2      | Reached XP level 5. HP: 34/47 MP: 9/9
  2034 | D:3      | Found a faded altar of an unknown god.
  2220 | D:3      | Reached XP level 6. HP: 39/53 MP: 10/10
  3010 | D:4      | Found a staircase to the Ecumenical Temple.
  3021 | Temple   | Entered the Ecumenical Temple
  3193 | D:3      | Learned a level 2 spell: Scorch
  3294 | D:4      | Identified the +0 robe of Ignis {rN+ MP+9}
  4650 | D:4      | Found an ancient bone altar of Kikubaaqudgha.
  4973 | D:5      | Entered Level 5 of the Dungeon
  5023 | D:5      | Reached XP level 7. HP: 44/59 MP: 12/12
  5028 | D:5      | Found a radiant altar of Vehumet.
  5189 | D:5      | Noticed Menkaure
  5256 | D:5      | Slain by a gnoll

Illustrated notes

Levels and vault maps discovered:
D:1:      matt_arrival_diagonals, layout_loops_ring, minmay_misc_feat_plants
D:2:      layout_rooms, kennysheep_cross_bottleneck, minmay_pentomino_t4,
          uniq_jessica
D:3:      layout_basic, dreamdust_ecumenical_altar_sealed_demon
D:4:      layout_cave_pools, overflow_temple_1_default, minmay_temple_entry_tees
D:5:      nicolae_cairo_tiling_large_dashed, layout_rooms,
          mainiacjoe_overflow_six_doors_small, nicolae_tso_swordbearing_angel,
          vehumet_altar_wand_db, enter_ossuary_2, uniq_ijyb, uniq_menkaure
Temple:   cyrus_circular_temple

Skill      XL: |  1  2  3  4  5  6  7 |
---------------+----------------------+-----
Invocations    | 1 2 |  2.5
Short Blades   | 1 2 |  2.3
Long Blades    | 1 2 |  2.3
Axes           | 1 2 |  2.3
Polearms       | 1 2 |  2.3
Staves         | 1 2 |  2.3
Slings         | 1 2 |  2.3
Bows           | 1 2 |  2.3
Crossbows      | 1 2 |  2.3
Throwing       | 1 2 |  2.3
Armour         | 1 2 |  2.3
Dodging        | 1 2 |  2.3
Stealth        | 1 2 |  2.3
Shields        | 1 2 |  2.3
Unarmed Combat | 1 2 |  2.3
Evocations     | 1 2 |  2.3
Spellcasting   | 3 |  3.7
Conjurations   | 1 |  1.9
Hexes          | 1 |  1.9
Summonings     | 1 |  1.9
Necromancy     | 1 |  1.9
Translocations | 1 |  1.9
Transmutations | 1 |  1.9
Ice Magic      | 1 |  1.9
Air Magic      | 1 |  1.9
Earth Magic    | 1 |  1.9
Poison Magic   | 1 |  1.9
Fighting       | 7 |  7.0
Maces & Flails | 7 |  7.0
Fire Magic     | |  5.8

Action                   |  1- 3 |  4- 6 |  7- 9 || total
-------------------------+-------+-------+-------++-------
Melee: Mace              |    43 |   101 |     5 ||   149
       Bite              |     5 |    21 |     1 ||    27
       Punch             |       |     6 |       ||     6
       Dagger            |       |    88 |       ||    88
       Whip              |       |    19 |    15 ||    34
 Cast: Scorch            |       |     2 |       ||     2
Invok: Fiery Armour      |     1 |     1 |       ||     2
  Use: Potion            |       |     1 |       ||     1
 Stab: Sleeping          |       |     1 |       ||     1
Armor: Robe              |    18 |    48 |       ||    66
       Leather armour    |       |     6 |     4 ||    10
Dodge: Dodged            |    48 |   146 |    11 ||   205

Table legend: (Time is in decaauts)
 A = Elapsed time spent in this place.
 B = Non-inter-level travel time spent in this place.
 C = Inter-level travel time spent in this place.
 D = Time resting spent in this place.
 E = Time spent auto-exploring this place.
 F = Levels seen in this place.
 G = Mean time per level.
                   A        B        C        D        E       F      G
               +--------+--------+--------+--------+--------+-----+--------+
         Total |   5269 |   4654 |    615 |    736 |   2493 |   6 |  878.2 |
       Dungeon |   5211 |   4606 |    605 |    736 |   2455 |   5 | 1042.2 |
        Temple |     58 |     48 |     10 |      0 |     38 |   1 |   58.0 |
               +--------+--------+--------+--------+--------+-----+--------+

Top non-repeatable levels by time:
     D:3: 1762 daAuts
     D:2: 1251 daAuts
     D:1: 1250 daAuts
     D:4: 785 daAuts
     D:5: 162 daAuts
  Temple: 58 daAuts
